 Dungeon Crawl Stone Soup version 0.31-a0-1589-g8f5e8aebd6 (webtiles) character file.

Game seed: 4381332136270998444

54 Flugslaktarn the Apothecary (level 3, 0/21 HPs)
             Began as an Octopode Alchemist on Jan 6, 2024.
             Slain by an orc
             ... wielding a +0 morningstar
              (4 damage)
             ... on level 3 of the Dungeon.
             The game lasted 00:01:48 (736 turns).

Flugslaktarn the Apothecary (Octopode Alchemist)     Turns: 736, Time: 00:01:49

Health: 0/21       AC:  1    Str:  4 (7)  XL:     3   Next: 91%
Magic:  6/7        EV: 13    Int: 18 (19) God:
Gold:   117        SH:  0    Dex: 11 (12) Spells: 6/7 levels left

rFire   . . .        e - +0 dagger (vamp)
rCold   . . .        (no shield)
rNeg    . . .        (helmet restricted)
rPois   .            (no amulet)
rElec   .            (no ring)
rCorr   .            (no ring)
SInv    .            (no ring)
Will    .....        (no ring)
Stlth   +++          (no ring)
HPRegen 0.23/turn    (no ring)
MPRegen 0.10/turn    (no ring)
                     (no ring)

%: no passive effects
@: no status effects
A: almost no armour, amphibious, 8 rings, camouflage 1, gelatinous body 1,
(nimble swimmer 1), tentacles
a: no special abilities


You were on level 3 of the Dungeon.
You visited 1 branch of the dungeon, and saw 4 of its levels.

You collected 117 gold pieces.

Inventory:

Hand Weapons
 e - a +0 vampiric dagger (weapon)
   (You took it off a goblin on level 1 of the Dungeon)
Magical Staves
 h - a staff of air
   (You found it on level 1 of the Dungeon)
Jewellery
 i - a ring of fire
   (You found it on level 4 of the Dungeon)
Scrolls
 g - a scroll of immolation {unknown}
Potions
 a - a potion of magic


   Skills:
 - Level 2.0 Dodging
 - Level 2.6 Stealth
 + Level 2.7 Spellcasting
 - Level 1.0 Conjurations
 * Level 4.6 Alchemy


You had 6 spell levels left.
You knew the following spells:

 Your Spells              Type           Power      Damage    Failure   Level
a - Sting                 Conj/Alch      48%        1d6       5%          1

Your spell library contained the following spells:

 Spells                   Type           Power      Damage    Failure   Level
 Mercury Vapours          Alch/Air       20%        N/A       10%         2
 Mephitic Cloud           Conj/Alch/Air  9%         N/A       24%         3
 Olgreb's Toxic Radiance  Alch           19%        N/A       26%         4
 Sticky Flame             Fire/Alch      10%        2d5       54%         4


Dungeon Overview and Level Annotations

Branches:
Dungeon (4/15)
 Temple: D:4-7

Altars:

Shops:
D:1 [[

Annotations:
D:4 Dowan, Duvessa


Innate Abilities, Weirdness & Mutations

You cannot wear most types of armour.
You are amphibious.
You can wear up to eight rings at the same time.
Your skin changes colour to match your surroundings (Stealth+).
Your rubbery body absorbs attacks. (AC +1, EV +1)
((You are camouflaged when in or above water. (Stealth+)))
You have tentacles for arms and can constrict up to eight enemies at once.


Message History

Casting: Sting (safe; 4% risk of failure)
Confirm with . or Enter, or press ? or * to list all spells.
Aiming: Sting (safe; 4% risk of failure)
Press: ? - help, Shift-Dir - straight line, f - endoplasm
Aim: an endoplasm (98% to hit)
The sting hits the endoplasm.
The endoplasm partially resists.
The endoplasm is lightly wounded.
The goblin hits you with a +0 dagger.
You hit the goblin. You grab the goblin.
The goblin is severely wounded.
You constrict the goblin.
You kill the goblin!
The endoplasm hits you.
You barely miss the endoplasm. You squeeze the endoplasm.
The endoplasm is moderately wounded.
The endoplasm freezes you.
You are frozen.
You hit the endoplasm. You squeeze the endoplasm.
You kill the endoplasm!
No target in view!
You see here a +0 dagger.
HP restored.
Duvessa, Sister of Dowan comes into view.
She is wielding a +0 short sword.
Unknown command.
Dowan, Brother of Duvessa comes into view.
He is wielding a +0 dagger.
Casting: Sting (safe; 4% risk of failure)
Confirm with . or Enter, or press ? or * to list all spells.
You can't see any susceptible monsters within range! (Use Z to cast anyway.) Duvessa shouts!
Dowan shouts!
Dowan says, "Magic and the sword, together, will defeat you."
Dowan casts a spell at Duvessa.
Duvessa seems to speed up.
Casting: Sting (safe; 4% risk of failure)
Confirm with . or Enter, or press ? or * to list all spells.
Aiming: Sting (safe; 4% risk of failure)
Press: ? - help, Shift-Dir - straight line, f - Duvessa
Aim: Duvessa, wielding a +0 short sword and wearing a +0 leather armour (fast, 75% to hit)
The sting hits Duvessa but does no damage.
Duvessa is poisoned.
Duvessa says, "When magic and the sword combine, nothing stands against them."
Casting: Sting (safe; 4% risk of failure)
Confirm with . or Enter, or press ? or * to list all spells.
Aiming: Sting (safe; 4% risk of failure)
Press: ? - help, Shift-Dir - straight line, f/p - Duvessa
Aim: Duvessa, wielding a +0 short sword and wearing a +0 leather armour (lightly wounded, fast, poisoned, 75% to hit)
The sting hits Duvessa.
Duvessa looks even sicker.
Duvessa is lightly wounded.
Duvessa barely misses you.
It was a potion of degeneration.
There was something very wrong with that liquid.
You feel weakened.
You feel dopey.
You feel clumsy. Duvessa hits you with a +0 short sword!
Dowan gestures wildly while chanting.
Dowan blinks!
Duvessa hits you with a +0 short sword.
* * * LOW HITPOINT WARNING * * *
Unknown command.
Blink to where?
Press: ? - help, Dir - move target, p - Duvessa
As you read the scroll labelled UXODIDI TUSUSH, it crumbles to dust.
It was a scroll of blinking.
Dowan says, "My weaknesses are her strengths!"
Okay, then.
As you read the scroll labelled VUECLUY IWOI, it crumbles to dust.
It is a scroll of brand weapon.
Your +0 dagger thirsts for the lives of mortals!
e - a +0 vampiric dagger (weapon)
As you read the scroll labelled QOCWIAKLOI, it crumbles to dust.
You assume a fearsome visage.
Duvessa looks frightened!
Dowan looks frightened!
It was a scroll of fear.
Duvessa hums to herself desperately, trying to keep calm.
Dowan cries in horror.
Dowan gestures wildly while chanting.
Dowan blinks!
Unknown command.
Dowan gestures wildly while chanting.
Dowan blinks!
Dowan gestures wildly while chanting.
Dowan blinks!
Dowan gestures wildly while chanting.
Dowan blinks!
Dowan mumbles some strange words.
Dowan blinks!
There is an escape hatch in the ceiling here.
You can't go up here!
There is an escape hatch in the ceiling here.
A mysterious force pulls you upwards. The hatch slams shut behind you.
The orc shouts!
The kobold shouts!
The orc hits you with a +0 morningstar.
* * * LOW HITPOINT WARNING * * *
The orc hits you with a +0 morningstar.
* * * LOW HITPOINT WARNING * * *
Casting: Sting (safe; 5% risk of failure)
Confirm with . or Enter, or press ? or * to list all spells.
Aiming: Sting (safe; 5% risk of failure)
Press: ? - help, Shift-Dir - straight line, f - orc
Aim: an orc, wielding a +0 morningstar and wearing a +0 scale mail (75% to hit)
The sting hits the orc.
The orc is poisoned.
The orc is heavily wounded.
The orc hits you with a +0 morningstar.
You die...

###+####.#......†...#.#
.........####..####.#.#
...............# #.#.#
.........#####.# #.#.#
.........#####.####.#.###
......)..............<...
........######.####.###.#
........o####..# #.# #.#
######'#@##...## #.###.#
........)>....# #.....#
.....###......# #######
...... #......# ......
#......# ..K... ########
.....


You could see an orc (poisoned) and a kobold.

Vanquished Creatures
  2 adders (D:3)
  3 bats
  3 endoplasms
  A giant cockroach (D:2)
  6 goblins
  7 hobgoblins
  4 kobolds
  A quokka (D:2)
  A ball python (D:1)
  3 frilled lizards
  2 rats (D:2)
33 creatures vanquished.

Notes
Turn   | Place    | Note
-------+----------+-------------------------------------------
     0 | D:1      | Flugslaktarn the Octopode Alchemist began the quest for the
                  | Orb.
     0 | D:1      | Reached XP level 1. HP: 11/11 MP: 3/3
    75 | D:1      | Found Ruraboar's Armour Emporium.
    75 | D:1      | Noticed an animated pearl dragon scales
    75 | D:1      | Noticed an animated storm dragon scales
   207 | D:2      | Reached XP level 2. HP: 17/17 MP: 3/5
   210 | D:2      | Found a faded altar of an unknown god.
   394 | D:3      | Reached skill level 4 in Alchemy
   495 | D:2      | Reached XP level 3. HP: 10/21 MP: 3/6
   522 | D:1      | Found Deloywo's Armour Shoppe.
   698 | D:4      | Noticed Duvessa
   699 | D:4      | Noticed Dowan
   736 | D:3      | Slain by an orc

Illustrated notes

Levels and vault maps discovered:
D:1:      grunt_arrival_lava_bath, layout_basic, serial_shops,
          nicolae_shop_industrial_runoff, shop, nicolae_shop_mannequins, shop,
          minmay_misc_feat_plants
D:2:      layout_basic, chequers_ecumenical_altar_simple
D:3:      layout_basic
D:4:      layout_basic, nicolae_shop_i_like_small_books_too,
          hangedman_decor_growths, uniq_grinder, uniq_duvessa

Skill      XL: |  1  2 |
---------------+-------+-----
Alchemy        | 4 |  4.6
Dodging        | |  2.0
Stealth        | |  2.6
Spellcasting   | |  2.7
Conjurations   | |  1.0

Action                     || total
---------------------------++-------
  Melee: Unarmed           ||     4
         Constrict         ||    11
         Tentacles         ||    10
         Dagger            ||    35
   Cast: Sting             ||    40
    Use: Scroll            ||     3
         Potion            ||     1
 Armour: Skin              ||    31
  Dodge: Dodged            ||    37

Table legend: (Time is in decaauts)
 A = Elapsed time spent in this place.
 B = Non-inter-level travel time spent in this place.
 C = Inter-level travel time spent in this place.
 D = Time resting spent in this place.
 E = Time spent auto-exploring this place.
 F = Levels seen in this place.
 G = Mean time per level.
                   A        B        C        D        E       F      G
               +--------+--------+--------+--------+--------+-----+--------+
         Total |    734 |    710 |     24 |      0 |    347 |   4 |  183.5 |
       Dungeon |    734 |    710 |     24 |      0 |    347 |   4 |  183.5 |
               +--------+--------+--------+--------+--------+-----+--------+

Top non-repeatable levels by time:
     D:2: 305 daAuts
     D:1: 206 daAuts
     D:4: 113 daAuts
     D:3: 109 daAuts
